Golden Knights vs Predators

Created - 27 février 2024 at 15:26

Goals
1 2 3 T
Golden Knights 2 0 1 3
Predators 2 2 0 4
Shots
1 2 3 T
Golden Knights 11 12 6 29
Predators 13 14 2 29

GoalsPenalties
1st period
1. Predators , Steven Stamkos 20 (Claude Giroux 48, Mason McTavish 9) at 6:05
2. Golden Knights , Mitchell Marner 42 (Mika Zibanejad 55) at 13:12
3. Predators , Claude Giroux 33 (Steven Stamkos 37, Ryan McDonagh 21) at 14:04 (PP)
4. Golden Knights , Jani Hakanpaa 1 (Dylan Strome 18, Michael Bunting 16) at 19:55
Charlie McAvoy (GKV) for Diving (Minor) at 13:33
Michael Bunting (GKV) for Slashing (Minor) at 17:45
2nd period
5. Predators , Keegan Kolesar 8 (Luke Glendening 15, Adam Erne 18) at 9:15
6. Predators , J.J. Peterka 2 (Mason McTavish 10) at 17:25
Phil Kessel (NAS) for Holding (Minor) at 14:55
3rd period
7. Golden Knights , Troy Terry 16 (Nick Suzuki 23, Kyle Connor 36) at 0:38
Troy Terry (GKV) for Interference (Minor) at 1:05
Blake Lizotte (NAS) for Interference (Minor) at 18:55
Goalie Stats
Kevin Lankinen (GKV), 25 saves from 29 shots - (0,862), L, 4-4-0, 60:00 minutes
Carter Hart (NAS), 26 saves from 29 shots - (0,897), W, 29-28-10, 60:00 minutes
3 StarsOfficial
1 - Steven Stamkos (NAS)
2 - Claude Giroux (NAS)
3 - J.J. Peterka (NAS)
Referees : Katie Guay and Daria Ermak
Linesman : Ryan Galloway and Erica Holmes
Game Note
No Game Note
Finance
Level 1 -- Attendance: 4429 (74%) -- Ticket Income $442,900
Level 2 -- Attendance: 3475 (70%) -- Ticket Income $208,500
Level 3 -- Attendance: 2526 (81%) -- Ticket Income $88,410
Level 4 -- Attendance: 3069 (77%) -- Ticket Income $61,380
Luxury Box -- Attendance: 1000 (100%) -- Ticket Income $200,000
Game was played at the Gaylord Ent. Center.
Total Attendance: 14499 (76%)
Total Ticket Income: $1,001,190
Other Income: $300,357
Total Income: $1,301,547



Team Name Goals Shots Shots Attemp Shots Blocked PIM HIT PP PK FO%
Golden Knights 32964106150 / 2 (0%)140%
Predators 42953134291 / 3 (33%)060%

Golden Knights
Player Name POS G A P +/- PIM HIT SHT SB MP PP MP PP SHT PK MP PK SHT FO% FOT GA TA
Alex NewhookC/LW000000018:150:0000:0000% 010
Artturi LehkonenLW/RW0000002012:570:0000:0200% 000
Cale MakarD0001041024:061:5702:5500% 001
Chandler StephensonC/LW0000002217:331:2812:10050% 401
Charlie McAvoyD0001212322:261:0601:3400% 010
Daniel SprongLW/RW000000108:380:0000:0000% 000
Dylan StromeC/LW0110002012:500:0000:02050% 600
Ilya LyubushkinD000-2011012:130:0000:0000% 000
Jaccob SlavinD0001022424:181:5702:5500% 003
Jani HakanpaaD101-2011012:090:0000:0000% 000
Josh MorrisseyD0001010022:151:0601:3400% 000
Kirby DachC/RW000000109:260:0000:0000% 200
Kyle ConnorLW0110012022:441:3502:170100% 112
Michael BuntingLW011020109:590:0000:0000% 010
Mika ZibanejadC0110004021:021:3502:17035% 3411
Mitchell MarnerRW1010023022:451:3502:100100% 100
Nick SuzukiC/RW0110022015:191:2800:00045% 1100
Troy TerryRW1010202016:331:2800:0000% 100
Predators
Player Name POS G A P +/- PIM HIT SHT SB MP PP MP PP SHT PK MP PK SHT FO% FOT GA TA
Adam BoqvistD0001020013:181:1700:0000% 010
Adam ErneLW/RW0110020013:190:0000:3700% 001
Blake LizotteC000-2224018:111:4301:00069% 1320
Calvin de HaanD0002030013:140:0001:2400% 000
Claude GirouxC/RW1121008121:442:4611:10055% 3810
Cole CaufieldLW/RW0001011120:232:4610:0000% 010
Erik GustafssonD000-2021223:023:1200:0000% 001
J.J. PeterkaLW/RW101103117:410:0000:0000% 000
Jaden SchwartzLW000-2021018:351:4301:26050% 200
Keegan KolesarRW1010011012:580:0600:0000% 000
Luke GlendeningC/LW/RW0110012114:250:0001:390100% 200
Mason McTavishC/LW022102307:410:0000:00033% 300
Nicolas HagueD0001012320:360:0001:2400% 000
Pat MaroonLW/RW000101008:240:0000:0000% 001
Phil KesselRW000-2210015:491:3700:0000% 000
Ryan McDonaghD011-2011324:443:1201:3900% 011
Steven StamkosC/LW1121043120:322:4600:140100% 211
Timothy LiljegrenD0000001022:191:1701:3900% 010

Golden Knights

5 vs 5 Forward
Line #Left WingCenterRight WingPHYDFOFWanted %Time %Time Play
1Kyle ConnorMika ZibanejadMitchell Marner1224232%16:43
2Chandler StephensonNick SuzukiTroy Terry1223237%19:34
3Michael BuntingDylan StromeArtturi Lehkonen1222419%9:57
4Alex NewhookKirby DachDaniel Sprong122212%6:05
5 vs 5 Defense
Line #DefenseDefensePHYDFOFWanted %Time %Time Play
1Cale MakarJaccob Slavin1224036%19:05
2Charlie McAvoyJosh Morrissey1224041%21:32
3Ilya LyubushkinJani Hakanpaa1222022%11:42
4Cale MakarJaccob Slavin12200%0:00
Power Play Forward
Line #Left WingCenterRight WingPHYDFOFWanted %Time %Time Play
1Kyle ConnorMika ZibanejadMitchell Marner0146552%1:35
2Chandler StephensonNick SuzukiTroy Terry0143548%1:28
Power Play Defense
Line #DefenseDefensePHYDFOFWanted %Time %Time Play
1Cale MakarJaccob Slavin1136064%1:57
2Charlie McAvoyJosh Morrissey1134036%1:06
Penalty Kill 4 Players Forward
Line #CenterWingPHYDFOFWanted %Time %Time Play
1Mika ZibanejadKyle Connor1405051%2:17
2Chandler StephensonMitchell Marner0415049%2:12
Penalty Kill 4 Players Defense
Line #DefenseDefensePHYDFOFWanted %Time %Time Play
1Cale MakarJaccob Slavin1406065%2:55
2Charlie McAvoyJosh Morrissey1404035%1:34
Penalty Kill 3 Players
Line #WingPHYDFOFWanted %Time %Time PlayDefenseDefensePHYDFOFWanted %Time %Time Play
1Mika Zibanejad140600%0:00 Cale MakarJaccob Slavin140600%0:00
2Chandler Stephenson140400%0:00 Charlie McAvoyJosh Morrissey140400%0:00
4 vs 4 Forward
Line #CenterWingPHYDFOFWanted %Time %Time Play
1Mika ZibanejadKyle Connor122600%0:00
2Nick SuzukiChandler Stephenson122400%0:00
4 vs 4 Defense
Line #DefensePHYDFOFWanted %Time %Time Play
1Cale MakarJaccob Slavin122600%0:00
2Charlie McAvoyJosh Morrissey122400%0:00
Last Minutes Offensive
Left WingCenterRight WingDefenseDefense
Kyle ConnorMika ZibanejadMitchell MarnerCale MakarJaccob Slavin
Last Minutes Defensive
Left WingCenterRight WingDefenseDefense
Kyle ConnorMika ZibanejadMitchell MarnerCale MakarJaccob Slavin
Time
Total ForwardTotal DefenseLast Minutes OffensiveLast Minutes Defensive
60:00 60:00 0:090:00
Extra Forwards
Normal PowerPlayPenalty Kill
Chandler Stephenson, Nick Suzuki, Troy TerryChandler Stephenson, Nick SuzukiChandler Stephenson
Extra Defensemen
Normal PowerPlayPenalty Kill
Josh Morrissey, Ilya Lyubushkin, Jani HakanpaaJosh Morrissey, Josh MorrisseyIlya Lyubushkin
Penalty Shots
Mika Zibanejad, Mitchell Marner, Nick Suzuki, Kyle Connor, Chandler Stephenson
Goalie
Kevin Lankinen, Darcy Kuemper
Scratches
None

Predators

5 vs 5 Forward
Line #Left WingCenterRight WingPHYDFOFWanted %Time %Time Play
1Steven StamkosClaude GirouxCole Caufield1224232%16:34
2Jaden SchwartzBlake LizottePhil Kessel1223232%16:39
3Adam ErneLuke GlendeningKeegan Kolesar1222422%11:24
4J.J. PeterkaMason McTavishPat Maroon122215%7:41
5 vs 5 Defense
Line #DefenseDefensePHYDFOFWanted %Time %Time Play
1Ryan McDonaghErik Gustafsson1224040%21:02
2Timothy LiljegrenNicolas Hague1224037%19:13
3Adam BoqvistCalvin de Haan1222023%12:03
4Ryan McDonaghTimothy Liljegren12200%0:00
Power Play Forward
Line #Left WingCenterRight WingPHYDFOFWanted %Time %Time Play
1Steven StamkosClaude GirouxCole Caufield0147064%2:52
2Jaden SchwartzBlake LizottePhil Kessel0143036%1:37
Power Play Defense
Line #DefenseDefensePHYDFOFWanted %Time %Time Play
1Erik GustafssonRyan McDonagh1137071%3:12
2Adam BoqvistTimothy Liljegren1133029%1:17
Penalty Kill 4 Players Forward
Line #CenterWingPHYDFOFWanted %Time %Time Play
1Luke GlendeningBlake Lizotte1406093%2:51
2Claude GirouxAdam Erne140407%0:12
Penalty Kill 4 Players Defense
Line #DefenseDefensePHYDFOFWanted %Time %Time Play
1Timothy LiljegrenRyan McDonagh1406554%1:39
2Nicolas HagueCalvin de Haan1403546%1:24
Penalty Kill 3 Players
Line #WingPHYDFOFWanted %Time %Time PlayDefenseDefensePHYDFOFWanted %Time %Time Play
1Luke Glendening140600%0:00 Timothy LiljegrenRyan McDonagh140650%0:00
2Claude Giroux140400%0:00 Nicolas HagueCalvin de Haan140350%0:00
4 vs 4 Forward
Line #CenterWingPHYDFOFWanted %Time %Time Play
1Steven StamkosCole Caufield122500%0:00
2Claude GirouxJaden Schwartz122500%0:00
4 vs 4 Defense
Line #DefensePHYDFOFWanted %Time %Time Play
1Erik GustafssonRyan McDonagh122500%0:00
2Nicolas HagueTimothy Liljegren122500%0:00
Last Minutes Offensive
Left WingCenterRight WingDefenseDefense
Steven StamkosClaude GirouxCole CaufieldErik GustafssonAdam Boqvist
Last Minutes Defensive
Left WingCenterRight WingDefenseDefense
Blake LizotteLuke GlendeningKeegan KolesarTimothy LiljegrenNicolas Hague
Time
Total ForwardTotal DefenseLast Minutes OffensiveLast Minutes Defensive
60:00 60:00 0:000:10
Extra Forwards
Normal PowerPlayPenalty Kill
Steven Stamkos, Claude Giroux, Cole CaufieldSteven Stamkos, Claude GirouxLuke Glendening
Extra Defensemen
Normal PowerPlayPenalty Kill
Ryan McDonagh, Timothy Liljegren, Erik GustafssonErik Gustafsson, Ryan McDonaghTimothy Liljegren
Penalty Shots
Steven Stamkos, Claude Giroux, Cole Caufield, Jaden Schwartz, Blake Lizotte
Goalie
Carter Hart, Jonathan Quick
Scratches
None


Play-by-Play

1st period


0:01 of 1st period - Claude Giroux wins face-off versus Mika Zibanejad in neutral zone.
0:04 of 1st period - Kyle Connor is hit by Steven Stamkos and loses puck.
0:27 of 1st period - Cale Makar is hit by Jaden Schwartz and loses puck.
0:49 of 1st period - Snap shot by Luke Glendening.
0:49 of 1st period - Stopped by Kevin Lankinen with a rebound.
0:51 of 1st period - Backhand shot by Nicolas Hague.
0:51 of 1st period - Stopped by Kevin Lankinen with a rebound.
1:11 of 1st period - Slapshot by Dylan Strome.
1:11 of 1st period - Stopped by Carter Hart without a rebound.
1:12 of 1st period - Dylan Strome wins face-off versus Mason McTavish in Predators zone.
1:40 of 1st period - Off-side.
1:41 of 1st period - Mika Zibanejad wins face-off versus Claude Giroux in neutral zone.
2:16 of 1st period - Wrist shot by Nick Suzuki.
2:16 of 1st period - Shot Blocked by Nicolas Hague.
2:50 of 1st period - Slapshot by Steven Stamkos.
2:50 of 1st period - Stopped by Kevin Lankinen without a rebound.
2:51 of 1st period - Mika Zibanejad wins face-off versus Claude Giroux in Golden Knights zone.
3:18 of 1st period - Kyle Connor is hit by Keegan Kolesar and loses puck.
4:43 of 1st period - Off-side.
4:44 of 1st period - Nick Suzuki wins face-off versus Claude Giroux in neutral zone.
4:48 of 1st period - Slapshot by Troy Terry.
4:48 of 1st period - Shot Blocked by Steven Stamkos.
5:10 of 1st period - Jaccob Slavin is hit by Blake Lizotte and loses puck.
6:05 of 1st period - Wrist shot by Steven Stamkos.
6:05 of 1st period - Goal by Steven Stamkos - Golden Knights : 0 - Predators : 1.
6:06 of 1st period - Blake Lizotte wins face-off versus Nick Suzuki in neutral zone.
6:37 of 1st period - Off-side.
6:38 of 1st period - Dylan Strome wins face-off versus Claude Giroux in neutral zone.
6:43 of 1st period - Slapshot by Michael Bunting.
6:43 of 1st period - Stopped by Carter Hart without a rebound.
6:44 of 1st period - Claude Giroux wins face-off versus Dylan Strome in Predators zone.
6:44 of 1st period - Claude Giroux is hit by Jaccob Slavin.
8:24 of 1st period - Snap shot by Jaden Schwartz.
8:24 of 1st period - Stopped by Kevin Lankinen without a rebound.
8:25 of 1st period - Claude Giroux wins face-off versus Mika Zibanejad in Golden Knights zone.
8:26 of 1st period - Wrist shot by Steven Stamkos.
8:26 of 1st period - Shot Misses the Net.
9:20 of 1st period - Wrist shot by Mason McTavish.
9:20 of 1st period - Stopped by Kevin Lankinen without a rebound.
9:21 of 1st period - Claude Giroux wins face-off versus Mika Zibanejad in Golden Knights zone.
9:58 of 1st period - Snap shot by Troy Terry.
9:58 of 1st period - Shot Misses the Net.
10:32 of 1st period - Slapshot by Ryan McDonagh.
10:32 of 1st period - Shot Blocked by Charlie McAvoy.
10:34 of 1st period - Backhand shot by Steven Stamkos.
10:34 of 1st period - Stopped by Kevin Lankinen with a rebound.
10:38 of 1st period - Snap shot by Claude Giroux.
10:38 of 1st period - Stopped by Kevin Lankinen without a rebound.
10:39 of 1st period - Mika Zibanejad wins face-off versus Claude Giroux in Golden Knights zone.
10:48 of 1st period - Snap shot by Kyle Connor.
10:48 of 1st period - Shot Blocked by Nicolas Hague.
10:50 of 1st period - Slapshot by Mitchell Marner.
10:50 of 1st period - Shot Misses the Net.
10:52 of 1st period - Snap shot by Mika Zibanejad.
10:52 of 1st period - Stopped by Carter Hart with a rebound.
10:54 of 1st period - Wrist shot by Mika Zibanejad.
10:54 of 1st period - Stopped by Carter Hart without a rebound.
10:55 of 1st period - Blake Lizotte wins face-off versus Nick Suzuki in Predators zone.
11:21 of 1st period - Cale Makar is hit by Steven Stamkos and loses puck.
11:41 of 1st period - Michael Bunting is hit by Adam Boqvist and loses puck.
12:27 of 1st period - Snap shot by Blake Lizotte.
12:27 of 1st period - Shot Blocked by Chandler Stephenson.
12:51 of 1st period - Snap shot by Artturi Lehkonen.
12:51 of 1st period - Shot Misses the Net.
12:53 of 1st period - Wrist shot by Artturi Lehkonen.
12:53 of 1st period - Stopped by Carter Hart without a rebound.
12:54 of 1st period - Claude Giroux wins face-off versus Dylan Strome in Predators zone.
13:01 of 1st period - Michael Bunting is hit by Steven Stamkos and loses puck.
13:10 of 1st period - Snap shot by Cale Makar.
13:10 of 1st period - Stopped by Carter Hart without a rebound.
13:11 of 1st period - Mika Zibanejad wins face-off versus Blake Lizotte in Predators zone.
13:12 of 1st period - Wrist shot by Mitchell Marner.
13:12 of 1st period - Goal by Mitchell Marner - Golden Knights : 1 - Predators : 1.
13:13 of 1st period - Claude Giroux wins face-off versus Mika Zibanejad in neutral zone.
13:33 of 1st period - Minor Penalty to Charlie McAvoy for Diving.
13:34 of 1st period - Steven Stamkos wins face-off versus Mika Zibanejad in Golden Knights zone.
13:43 of 1st period - Off-side.
13:44 of 1st period - Mika Zibanejad wins face-off versus Claude Giroux in neutral zone.
13:53 of 1st period - Snap shot by Mika Zibanejad.
13:53 of 1st period - Shot Misses the Net.
14:04 of 1st period - Snap shot by Claude Giroux.
14:04 of 1st period - Goal by Claude Giroux - Golden Knights : 1 - Predators : 2.
14:05 of 1st period - Mika Zibanejad wins face-off versus Claude Giroux in neutral zone.
14:08 of 1st period - Wrist shot by Mika Zibanejad.
14:08 of 1st period - Shot Misses the Net.
14:43 of 1st period - Wrist shot by Phil Kessel.
14:43 of 1st period - Deflect By Blake Lizotte.
14:43 of 1st period - Stopped by Kevin Lankinen without a rebound.
14:44 of 1st period - Kyle Connor wins face-off versus Jaden Schwartz in Golden Knights zone.
14:57 of 1st period - Snap shot by Mitchell Marner.
14:57 of 1st period - Stopped by Carter Hart without a rebound.
14:58 of 1st period - Nick Suzuki wins face-off versus Claude Giroux in Predators zone.
15:09 of 1st period - Snap shot by Claude Giroux.
15:09 of 1st period - Shot Blocked by Jaccob Slavin.
15:11 of 1st period - Backhand shot by Cole Caufield.
15:11 of 1st period - Shot Blocked by Chandler Stephenson.
15:13 of 1st period - Wrist shot by Cole Caufield.
15:13 of 1st period - Shot Misses the Net.
15:15 of 1st period - Backhand shot by Cole Caufield.
15:15 of 1st period - Shot Misses the Net.
16:15 of 1st period - Kirby Dach is hit by Cole Caufield and loses puck.
16:30 of 1st period - Snap shot by Mason McTavish.
16:30 of 1st period - Stopped by Kevin Lankinen with a rebound.
16:42 of 1st period - Wrist shot by Troy Terry.
16:42 of 1st period - Stopped by Carter Hart without a rebound.
16:43 of 1st period - Mika Zibanejad wins face-off versus Claude Giroux in Predators zone.
17:10 of 1st period - Jaccob Slavin is hit by Jaden Schwartz.
17:14 of 1st period - Slapshot by Blake Lizotte.
17:14 of 1st period - Shot Blocked by Jaccob Slavin.
17:16 of 1st period - Snap shot by Phil Kessel.
17:16 of 1st period - Shot Blocked by Jaccob Slavin.
17:20 of 1st period - Backhand shot by Blake Lizotte.
17:20 of 1st period - Stopped by Kevin Lankinen without a rebound.
17:21 of 1st period - Dylan Strome wins face-off versus Claude Giroux in Golden Knights zone.
17:21 of 1st period - Dylan Strome is hit by Steven Stamkos.
17:45 of 1st period - Minor Penalty to Michael Bunting for Slashing.
17:46 of 1st period - Chandler Stephenson wins face-off versus Claude Giroux in Golden Knights zone.
18:01 of 1st period - Wrist shot by Claude Giroux.
18:01 of 1st period - Deflect By Cole Caufield.
18:01 of 1st period - Stopped by Kevin Lankinen without a rebound.
18:02 of 1st period - Chandler Stephenson wins face-off versus Claude Giroux in Golden Knights zone.
18:21 of 1st period - Wrist shot by Kyle Connor.
18:21 of 1st period - Shot Misses the Net.
19:45 of 1st period - Penalty to Michael Bunting is over, Michael Bunting is back on ice.
19:53 of 1st period - Snap shot by Dylan Strome.
19:53 of 1st period - Stopped by Carter Hart with a rebound.
19:55 of 1st period - Slapshot by Jani Hakanpaa.
19:55 of 1st period - Goal by Jani Hakanpaa - Golden Knights : 2 - Predators : 2.
19:56 of 1st period - Blake Lizotte wins face-off versus Mika Zibanejad in neutral zone.
Goals for this period are 2 for Golden Knights vs 2 for Predators.
Shots for this period are 11 for Golden Knights vs 13 for Predators.

2nd period


0:01 of 2nd period - Claude Giroux wins face-off versus Mika Zibanejad in neutral zone.
0:14 of 2nd period - Wrist shot by Claude Giroux.
0:14 of 2nd period - Stopped by Kevin Lankinen without a rebound.
0:15 of 2nd period - Blake Lizotte wins face-off versus Troy Terry in Golden Knights zone.
0:18 of 2nd period - Snap shot by Blake Lizotte.
0:18 of 2nd period - Shot Misses the Net.
0:20 of 2nd period - Slapshot by Erik Gustafsson.
0:20 of 2nd period - Stopped by Kevin Lankinen without a rebound.
0:21 of 2nd period - Nick Suzuki wins face-off versus Blake Lizotte in Golden Knights zone.
0:54 of 2nd period - Backhand shot by Claude Giroux.
0:54 of 2nd period - Shot Misses the Net.
1:22 of 2nd period - Snap shot by Adam Erne.
1:22 of 2nd period - Shot Blocked by Charlie McAvoy.
1:42 of 2nd period - Backhand shot by Jaden Schwartz.
1:42 of 2nd period - Deflect By Blake Lizotte.
1:42 of 2nd period - Stopped by Kevin Lankinen without a rebound.
1:43 of 2nd period - Mika Zibanejad wins face-off versus Claude Giroux in Golden Knights zone.
1:50 of 2nd period - Snap shot by Mika Zibanejad.
1:50 of 2nd period - Shot Blocked by Cole Caufield.
1:52 of 2nd period - Snap shot by Mika Zibanejad.
1:52 of 2nd period - Stopped by Carter Hart with a rebound.
1:54 of 2nd period - Slapshot by Kyle Connor.
1:54 of 2nd period - Stopped by Carter Hart with a rebound.
2:10 of 2nd period - Chandler Stephenson is hit by Blake Lizotte and loses puck.
2:37 of 2nd period - Ilya Lyubushkin is hit by Calvin de Haan and loses puck.
2:44 of 2nd period - Snap shot by Jaccob Slavin.
2:44 of 2nd period - Stopped by Carter Hart without a rebound.
2:45 of 2nd period - Claude Giroux wins face-off versus Mika Zibanejad in Predators zone.
3:15 of 2nd period - Snap shot by Nick Suzuki.
3:15 of 2nd period - Shot Misses the Net.
4:20 of 2nd period - Nicolas Hague is hit by Charlie McAvoy and loses puck.
4:27 of 2nd period - Wrist shot by Ryan McDonagh.
4:27 of 2nd period - Deflect By Keegan Kolesar.
4:27 of 2nd period - Shot Blocked by Charlie McAvoy.
4:27 of 2nd period - Puck is out of play.
4:28 of 2nd period - Mika Zibanejad wins face-off versus Claude Giroux in Golden Knights zone.
5:02 of 2nd period - Snap shot by Chandler Stephenson.
5:02 of 2nd period - Shot Blocked by Erik Gustafsson.
5:04 of 2nd period - Slapshot by Ilya Lyubushkin.
5:04 of 2nd period - Shot Misses the Net.
5:06 of 2nd period - Slapshot by Ilya Lyubushkin.
5:06 of 2nd period - Stopped by Carter Hart without a rebound.
5:07 of 2nd period - Blake Lizotte wins face-off versus Nick Suzuki in Predators zone.
5:39 of 2nd period - Mitchell Marner is hit by Erik Gustafsson and loses puck.
6:18 of 2nd period - Timothy Liljegren is hit by Josh Morrissey and loses puck.
6:23 of 2nd period - Slapshot by Josh Morrissey.
6:23 of 2nd period - Deflect By Kirby Dach.
6:23 of 2nd period - Stopped by Carter Hart without a rebound.
6:24 of 2nd period - Mika Zibanejad wins face-off versus Claude Giroux in Predators zone.
6:29 of 2nd period - Wrist shot by Mika Zibanejad.
6:29 of 2nd period - Shot Misses the Net.
6:31 of 2nd period - Slapshot by Jaccob Slavin.
6:31 of 2nd period - Shot Blocked by Nicolas Hague.
6:33 of 2nd period - Slapshot by Jaccob Slavin.
6:33 of 2nd period - Shot Misses the Net.
6:35 of 2nd period - Snap shot by Jaccob Slavin.
6:35 of 2nd period - Deflect By Claude Giroux.
6:35 of 2nd period - Stopped by Carter Hart with a rebound.
6:37 of 2nd period - Slapshot by Jaccob Slavin.
6:37 of 2nd period - Shot Misses the Net.
6:39 of 2nd period - Snap shot by Mitchell Marner.
6:39 of 2nd period - Stopped by Carter Hart with a rebound.
6:41 of 2nd period - Snap shot by Mika Zibanejad.
6:41 of 2nd period - Deflect By Kyle Connor.
6:41 of 2nd period - Shot Blocked by Claude Giroux.
6:41 of 2nd period - Puck is out of play.
6:42 of 2nd period - Nick Suzuki wins face-off versus Blake Lizotte in Predators zone.
6:45 of 2nd period - Wrist shot by Nick Suzuki.
6:45 of 2nd period - Shot Misses the Net.
6:47 of 2nd period - Slapshot by Jaccob Slavin.
6:47 of 2nd period - Shot Misses the Net.
6:51 of 2nd period - Wrist shot by Troy Terry.
6:51 of 2nd period - Shot Misses the Net.
6:53 of 2nd period - Slapshot by Nick Suzuki.
6:53 of 2nd period - Stopped by Carter Hart with a rebound.
6:55 of 2nd period - Slapshot by Nick Suzuki.
6:55 of 2nd period - Stopped by Carter Hart without a rebound.
6:56 of 2nd period - Claude Giroux wins face-off versus Mika Zibanejad in Predators zone.
8:38 of 2nd period - Snap shot by J.J. Peterka.
8:38 of 2nd period - Deflect By Mason McTavish.
8:38 of 2nd period - Shot Misses the Net.
8:38 of 2nd period - Puck is out of play.
8:39 of 2nd period - Claude Giroux wins face-off versus Nick Suzuki in Golden Knights zone.
9:06 of 2nd period - Mika Zibanejad is hit by Erik Gustafsson and loses puck.
9:15 of 2nd period - Wrist shot by Keegan Kolesar.
9:15 of 2nd period - Goal by Keegan Kolesar - Golden Knights : 2 - Predators : 3.
9:16 of 2nd period - Mika Zibanejad wins face-off versus Claude Giroux in neutral zone.
9:21 of 2nd period - Wrist shot by Charlie McAvoy.
9:21 of 2nd period - Stopped by Carter Hart with a rebound.
9:25 of 2nd period - Snap shot by Mika Zibanejad.
9:25 of 2nd period - Shot Misses the Net.
9:27 of 2nd period - Snap shot by Kyle Connor.
9:27 of 2nd period - Shot Misses the Net.
9:29 of 2nd period - Snap shot by Kyle Connor.
9:29 of 2nd period - Shot Blocked by Erik Gustafsson.
9:33 of 2nd period - Wrist shot by Kyle Connor.
9:33 of 2nd period - Stopped by Carter Hart without a rebound.
9:34 of 2nd period - Blake Lizotte wins face-off versus Nick Suzuki in Predators zone.
9:51 of 2nd period - Snap shot by Jaden Schwartz.
9:51 of 2nd period - Shot Misses the Net.
10:05 of 2nd period - Slapshot by Charlie McAvoy.
10:05 of 2nd period - Deflect By Kyle Connor.
10:05 of 2nd period - Shot Blocked by Ryan McDonagh.
10:05 of 2nd period - Puck is out of play.
10:06 of 2nd period - Claude Giroux wins face-off versus Mika Zibanejad in Predators zone.
10:17 of 2nd period - Wrist shot by Cole Caufield.
10:17 of 2nd period - Shot Misses the Net.
10:19 of 2nd period - Wrist shot by Claude Giroux.
10:19 of 2nd period - Stopped by Kevin Lankinen with a rebound.
10:21 of 2nd period - Slapshot by Timothy Liljegren.
10:21 of 2nd period - Deflect By Mitchell Marner.
10:21 of 2nd period - Stopped by Kevin Lankinen with a rebound.
10:23 of 2nd period - Snap shot by Claude Giroux.
10:23 of 2nd period - Stopped by Kevin Lankinen without a rebound.
10:24 of 2nd period - Nick Suzuki wins face-off versus Blake Lizotte in Golden Knights zone.
10:24 of 2nd period - Nick Suzuki is hit by Phil Kessel.
10:34 of 2nd period - Snap shot by Blake Lizotte.
10:34 of 2nd period - Stopped by Kevin Lankinen without a rebound.
10:35 of 2nd period - Claude Giroux wins face-off versus Mika Zibanejad in Golden Knights zone.
10:38 of 2nd period - Snap shot by Cole Caufield.
10:38 of 2nd period - Shot Misses the Net.
10:40 of 2nd period - Snap shot by Claude Giroux.
10:40 of 2nd period - Stopped by Kevin Lankinen without a rebound.
10:41 of 2nd period - Claude Giroux wins face-off versus Mika Zibanejad in Golden Knights zone.
10:44 of 2nd period - Snap shot by Claude Giroux.
10:44 of 2nd period - Stopped by Kevin Lankinen without a rebound.
10:45 of 2nd period - Steven Stamkos wins face-off versus Mika Zibanejad in Golden Knights zone.
10:52 of 2nd period - Snap shot by Steven Stamkos.
10:52 of 2nd period - Shot Misses the Net.
10:54 of 2nd period - Snap shot by Nicolas Hague.
10:54 of 2nd period - Stopped by Kevin Lankinen without a rebound.
10:55 of 2nd period - Claude Giroux wins face-off versus Mika Zibanejad in Golden Knights zone.
11:52 of 2nd period - Josh Morrissey is hit by Adam Erne and loses puck.
12:06 of 2nd period - Off-side.
12:07 of 2nd period - Mason McTavish wins face-off versus Kirby Dach in neutral zone.
12:18 of 2nd period - Wrist shot by Mason McTavish.
12:18 of 2nd period - Shot Hit the Post.
12:26 of 2nd period - Wrist shot by J.J. Peterka.
12:26 of 2nd period - Shot Misses the Net.
12:28 of 2nd period - Backhand shot by Pat Maroon.
12:28 of 2nd period - Shot Blocked by Jaccob Slavin.
12:30 of 2nd period - Snap shot by Adam Boqvist.
12:30 of 2nd period - Shot Blocked by Alex Newhook.
12:42 of 2nd period - Snap shot by Mason McTavish.
12:42 of 2nd period - Stopped by Kevin Lankinen without a rebound.
12:43 of 2nd period - Claude Giroux wins face-off versus Mika Zibanejad in Golden Knights zone.
13:45 of 2nd period - Wrist shot by Erik Gustafsson.
13:45 of 2nd period - Shot Misses the Net.
13:57 of 2nd period - Timothy Liljegren is hit by Kyle Connor and loses puck.
14:08 of 2nd period - Cale Makar is hit by Mason McTavish and loses puck.
14:55 of 2nd period - Minor Penalty to Phil Kessel for Holding.
14:56 of 2nd period - Luke Glendening wins face-off versus Mika Zibanejad in Predators zone.
14:56 of 2nd period - Luke Glendening is hit by Mitchell Marner.
15:26 of 2nd period - Slapshot by Chandler Stephenson.
15:26 of 2nd period - Stopped by Carter Hart with a rebound.
15:52 of 2nd period - Josh Morrissey is hit by Calvin de Haan and loses puck.
16:55 of 2nd period - Penalty to Phil Kessel is over, Phil Kessel is back on ice.
16:58 of 2nd period - Kyle Connor is hit by J.J. Peterka and loses puck.
17:02 of 2nd period - Icing by Kyle Connor.
17:03 of 2nd period - Mika Zibanejad wins face-off versus Mason McTavish in Golden Knights zone.
17:20 of 2nd period - Jani Hakanpaa is hit by Mason McTavish and loses puck.
17:25 of 2nd period - Snap shot by J.J. Peterka.
17:25 of 2nd period - Goal by J.J. Peterka - Golden Knights : 2 - Predators : 4.
17:26 of 2nd period - Claude Giroux wins face-off versus Mika Zibanejad in neutral zone.
17:53 of 2nd period - Timothy Liljegren is hit by Cale Makar and loses puck.
18:25 of 2nd period - Icing by Adam Erne.
18:26 of 2nd period - Luke Glendening wins face-off versus Mika Zibanejad in Predators zone.
18:26 of 2nd period - Luke Glendening is hit by Jani Hakanpaa.
18:58 of 2nd period - Wrist shot by Luke Glendening.
18:58 of 2nd period - Stopped by Kevin Lankinen without a rebound.
18:59 of 2nd period - Claude Giroux wins face-off versus Nick Suzuki in Golden Knights zone.
19:33 of 2nd period - Snap shot by Cale Makar.
19:33 of 2nd period - Deflect By Artturi Lehkonen.
19:33 of 2nd period - Shot Misses the Net.
19:33 of 2nd period - Puck is out of play.
19:34 of 2nd period - Blake Lizotte wins face-off versus Mika Zibanejad in Predators zone.
19:34 of 2nd period - Blake Lizotte is hit by Cale Makar.
Goals for this period are 0 for Golden Knights vs 2 for Predators.
Shots for this period are 12 for Golden Knights vs 14 for Predators.

3rd period


0:01 of 3rd period - Mitchell Marner wins face-off versus Claude Giroux in neutral zone.
0:14 of 3rd period - Slapshot by Mika Zibanejad.
0:14 of 3rd period - Stopped by Carter Hart with a rebound.
0:38 of 3rd period - Snap shot by Troy Terry.
0:38 of 3rd period - Goal by Troy Terry - Golden Knights : 3 - Predators : 4.
0:39 of 3rd period - Claude Giroux wins face-off versus Mika Zibanejad in neutral zone.
0:56 of 3rd period - Snap shot by Cole Caufield.
0:56 of 3rd period - Deflect By Claude Giroux.
0:56 of 3rd period - Stopped by Kevin Lankinen without a rebound.
0:57 of 3rd period - Blake Lizotte wins face-off versus Chandler Stephenson in Golden Knights zone.
1:05 of 3rd period - Minor Penalty to Troy Terry for Interference.
1:06 of 3rd period - Claude Giroux wins face-off versus Chandler Stephenson in Golden Knights zone.
3:05 of 3rd period - Penalty to Troy Terry is over, Troy Terry is back on ice.
3:15 of 3rd period - Wrist shot by Artturi Lehkonen.
3:15 of 3rd period - Shot Hit the Post.
3:37 of 3rd period - Slapshot by Dylan Strome.
3:37 of 3rd period - Shot Misses the Net.
3:39 of 3rd period - Snap shot by Charlie McAvoy.
3:39 of 3rd period - Shot Blocked by Ryan McDonagh.
4:06 of 3rd period - Slapshot by Ryan McDonagh.
4:06 of 3rd period - Stopped by Kevin Lankinen with a rebound.
4:30 of 3rd period - Josh Morrissey is hit by Luke Glendening and loses puck.
5:09 of 3rd period - Wrist shot by Artturi Lehkonen.
5:09 of 3rd period - Stopped by Carter Hart with a rebound.
5:37 of 3rd period - Wrist shot by Dylan Strome.
5:37 of 3rd period - Shot Misses the Net.
5:39 of 3rd period - Slapshot by Charlie McAvoy.
5:39 of 3rd period - Shot Blocked by Luke Glendening.
5:41 of 3rd period - Slapshot by Josh Morrissey.
5:41 of 3rd period - Shot Blocked by Ryan McDonagh.
5:43 of 3rd period - Slapshot by Josh Morrissey.
5:43 of 3rd period - Shot Misses the Net.
5:45 of 3rd period - Slapshot by Charlie McAvoy.
5:45 of 3rd period - Stopped by Carter Hart without a rebound.
5:46 of 3rd period - Claude Giroux wins face-off versus Mika Zibanejad in Predators zone.
6:02 of 3rd period - Nicolas Hague is hit by Mitchell Marner and loses puck.
6:23 of 3rd period - Snap shot by Alex Newhook.
6:23 of 3rd period - Deflect By Daniel Sprong.
6:23 of 3rd period - Stopped by Carter Hart without a rebound.
6:24 of 3rd period - Blake Lizotte wins face-off versus Kirby Dach in Predators zone.
6:51 of 3rd period - Claude Giroux is hit by Ilya Lyubushkin.
7:37 of 3rd period - Mika Zibanejad is hit by J.J. Peterka and loses puck.
8:26 of 3rd period - Mika Zibanejad is hit by Pat Maroon.
8:44 of 3rd period - Nick Suzuki is hit by Calvin de Haan and loses puck.
9:04 of 3rd period - Timothy Liljegren is hit by Nick Suzuki and loses puck.
9:26 of 3rd period - Nicolas Hague is hit by Nick Suzuki.
9:37 of 3rd period - Mitchell Marner is hit by Adam Boqvist and loses puck.
10:10 of 3rd period - Nick Suzuki is hit by J.J. Peterka and loses puck.
10:15 of 3rd period - Slapshot by J.J. Peterka.
10:15 of 3rd period - Shot Misses the Net.
11:15 of 3rd period - Snap shot by Nick Suzuki.
11:15 of 3rd period - Shot Misses the Net.
11:19 of 3rd period - Snap shot by Nick Suzuki.
11:19 of 3rd period - Shot Blocked by J.J. Peterka.
11:23 of 3rd period - Snap shot by Chandler Stephenson.
11:23 of 3rd period - Stopped by Carter Hart without a rebound.
11:24 of 3rd period - Claude Giroux wins face-off versus Dylan Strome in Predators zone.
11:24 of 3rd period - Claude Giroux is hit by Jaccob Slavin.
11:50 of 3rd period - Dylan Strome is hit by Nicolas Hague and loses puck.
11:59 of 3rd period - Michael Bunting is hit by Adam Erne and loses puck.
15:23 of 3rd period - Adam Erne is hit by Cale Makar and loses puck.
17:46 of 3rd period - Ilya Lyubushkin is hit by Ryan McDonagh.
18:55 of 3rd period - Minor Penalty to Blake Lizotte for Interference.
18:56 of 3rd period - Jaden Schwartz wins face-off versus Mika Zibanejad in Predators zone.
19:04 of 3rd period - Timothy Liljegren is hit by Cale Makar and loses puck.
Goals for this period are 1 for Golden Knights vs 0 for Predators.
Shots for this period are 6 for Golden Knights vs 2 for Predators.